 Dungeon Crawl Stone Soup version 0.29-a0-25-g7f48f510a0 (webtiles) character file.

Game seed: 4820990096125591615

105 ddubois the Ruffian (level 4, -3/36 HPs)
             Began as a Palentonga Transmuter on Jan 31, 2022.
             Was an Initiate of Ru.
             Slain by a gnoll (6 damage)
             ... on level 2 of the Dungeon.
             The game lasted 00:05:11 (2777 turns).

ddubois the Ruffian (Palentonga Transmuter)         Turns: 2777, Time: 00:05:11

Health: -3/36      AC:  5    Str: 15    XL:     4   Next: 53%
Magic:  7/7        EV: 10    Int: 13    God:    Ru [......]
Gold:   128        SH:  0    Dex: 11    Spells: 6/7 levels left

rFire   . . .      SeeInvis +     - Unarmed
rCold   . . .      Faith    .   (no shield)
rNeg    . . .      Spirit   .   a - +0 robe
rPois   .          Reflect  .   j - +0 helmet
rElec   .          Harm     .   (no cloak)
rCorr   .          Rampage  .   (no gloves)
Will    .....                   (no barding)
Stlth   +.........              (no amulet)
HPRegen 0.12/turn               (no ring)
MPRegen 0.10/turn               (no ring)

@: no status effects
A: large, rugged brown scales 3, see invisible, deformed body, roll 1, armoured
tail
a: Rolling Charge, Renounce Religion, Sacrifice an Eye, Sacrifice Artifice,
Sacrifice Health, Reject Sacrifices


You were on level 2 of the Dungeon.
You worshipped Ru.
Ru was noncommittal.
You visited 1 branch of the dungeon, and saw 2 of its levels.

You collected 128 gold pieces.

Inventory:

Hand Weapons
 g - a +0 hunting sling
Missiles
 b - 47 stones
 d - 17 sling bullets
 f - 3 silver boomerangs
 h - 5 poisoned darts
 k - 17 bolts
Armour
 a - a +0 robe (worn)
 j - a +0 helmet (worn)
Wands
 i - a wand of charming (8)
Scrolls
 c - a scroll of immolation {unknown}
 e - a scroll of identify {unknown}


   Skills:
 + Level 2.4 Fighting
 + Level 1.6 Armour
 + Level 2.4 Dodging
 - Level 3.3 Unarmed Combat
 - Level 2.0 Spellcasting
 - Level 2.0 Transmutations


You had 6 spell levels left.
You knew the following spells:

 Your Spells              Type           Power      Damage    Failure   Level
a - Beastly Appendage     Tmut           12%        N/A       11%         1

Your spell library contained the following spells:

 Spells                   Type           Power      Damage    Failure   Level
 Wereblood                Tmut           6%         N/A       17%         2
 Spider Form              Tmut/Pois      3%         N/A       45%         3
 Ice Form                 Ice/Tmut       3%         N/A       86%         4


Dungeon Overview and Level Annotations

Branches:
Dungeon (2/15)

Altars:
Ru
Xom


Innate Abilities, Weirdness & Mutations

You are completely covered in rugged brown scales. (AC +3, +7% HP)
You have supernaturally acute eyesight. (SInv)
Armour fits poorly on your strangely shaped body.
You can roll at nearby foes to attack.
You have a long armoured tail.


Message History

Press: ? - help, Dir - move target, f - rat
Aim: a rat (asleep)
You roll forward with a clatter of scales!
You punch the rat!
You kill the rat!
Unknown command.
Unknown command.
Done exploring.
Unknown command.
Done exploring.
Level map cleared.
There is an open door here.
There is an open door here.
There is an open door here.
The gnoll shouts!
You hear a shout!
Things that are here:
a +0 dagger; a goblin skeleton There's nothing you can charge at!
There's nothing you can charge at!
Roll where?
Press: ? - help, Dir - move target, f - gnoll
Aim: a gnoll, wielding a +0 club You roll forward with a clatter of scales!
You closely miss the gnoll.
The gnoll shouts!
You tail-slap the gnoll, but do no damage.
The gnoll hits you from afar with a +0 halberd!
Unknown command.
You hit the gnoll.
The gnoll is lightly wounded.
The gnoll hits you from afar with a +0 halberd!
The gnoll hits you with a +0 club.
* * * LOW HITPOINT WARNING * * *
The gnoll closely misses you. The gnoll barely misses you.
The gnoll hits you from afar with a +0 halberd!
* * * LOW HITPOINT WARNING * * *
There is a stone staircase leading up here.
The gnoll hits you with a +0 club.
You die...

*****************
#..,,,,,,,,,,,,,*
#.#############,*
#########.#....#@#....#.**
#.........#.##.#g.......,*
#.........#.##.#.####.#.,*
#.........#.##.#g#,,,,*,,*
#.........#.##.#g#.####,,*
..........g.g..........>,*
#.........#.##.#####.#.#,********
#......g..#.##...,,,,*,*,*,,,,ggg
#.........#.######****,*,*,,,,***


You could see 3 gnolls.

Vanquished Creatures
  6 adders
  A dart slug (D:2)
  4 bats
  3 endoplasms
  2 giant cockroaches
  3 hobgoblins (D:1)
  4 kobolds
  2 quokkas (D:1)
  6 ball pythons
  2 frilled lizards
  7 goblins
  11 rats
51 creatures vanquished.

Notes
Turn   | Place    | Note
-------+----------+-------------------------------------------
     0 | D:1      | ddubois the Palentonga Transmuter began the quest for the
                  | Orb.
     0 | D:1      | Reached XP level 1. HP: 16/16 MP: 3/3
   460 | D:1      | Reached XP level 2. HP: 22/22 MP: 5/5
  1076 | D:1      | Reached XP level 3. HP: 7/28 MP: 6/6
  1405 | D:2      | Reached skill level 1 in Armour
  1435 | D:2      | Found a shimmering altar of Xom.
  1495 | D:2      | Reached XP level 4. HP: 16/35 MP: 7/7
  1805 | D:2      | Found a faded altar of an unknown god.
  1840 | D:2      | Prayed at the altar of an unknown god.
  1840 | D:2      | Became a worshipper of Ru the Awakened
  2777 | D:2      | Slain by a gnoll

Illustrated notes

Levels and vault maps discovered:
D:1:      shiori_shiawase, layout_basic
D:2:      layout_basic, basic_altar, hellmonk_ecumenical_altar_zigzags,
          minmay_rat_gold_closets

Skill      XL: |  1  2  3 |
---------------+----------+-----
Dodging        | 2 |  2.4
Armour         | 1 |  1.6
Fighting       | 2 |  2.4
Unarmed Combat | |  3.3
Spellcasting   | |  2.0
Transmutations | |  2.0

Action                   |  1- 3 |  4- 6 || total
-------------------------+-------+-------++-------
Melee: Unarmed           |   128 |    62 ||   190
       Tailslap          |    12 |     8 ||    20
       Punch             |     4 |     2 ||     6
       Kick              |     1 |       ||     1
 Cast: Beastly Appendage |     1 |       ||     1
 Abil: Rolling Charge    |    14 |     9 ||    23
  Use: Potion            |     1 |       ||     1
 Stab: Sleeping          |       |     1 ||     1
Armor: Robe              |    43 |    20 ||    63
Dodge: Dodged            |    67 |    25 ||    92

Table legend: (Time is in decaauts)
 A = Elapsed time spent in this place.
 B = Non-inter-level travel time spent in this place.
 C = Inter-level travel time spent in this place.
 D = Time resting spent in this place.
 E = Time spent auto-exploring this place.
 F = Levels seen in this place.
 G = Mean time per level.
                   A        B        C        D        E       F      G
               +--------+--------+--------+--------+--------+-----+--------+
         Total |   2770 |   2681 |     89 |    517 |   1615 |   2 | 1385.0 |
       Dungeon |   2770 |   2681 |     89 |    517 |   1615 |   2 | 1385.0 |
               +--------+--------+--------+--------+--------+-----+--------+

Top non-repeatable levels by time:
     D:1: 1649 daAuts
     D:2: 1120 daAuts
